 Dungeon Crawl Stone Soup version 0.13.0-15-g9204fa6 (webtiles) character file.

145 AndrewJacksonJihad the Skirmisher (level 3, 0/28 HPs)
             Began as a Demonspawn Abyssal Knight on Oct 20, 2013.
             Was a Believer of Lugonu.
             Slain by a worm (6 damage)
             ... on Level 2 of the Dungeon.
             The game lasted 00:05:51 (1099 turns).

AndrewJacksonJihad the Skirmisher (DsAK)            Turns: 1099, Time: 00:05:51

HP   0/28        AC  4     Str 13      XL: 3   Next: 51%
MP   4/4         EV 10     Int 13      God: Lugonu [**....]
Gold 96          SH  0     Dex  9      Spells:  0 memorised,  2 levels left

Res.Fire  : . . .   See Invis. : .   a - +3,+2 mace (curse)
Res.Cold  : . . .   Warding    : .   b - +0 leather armour
Life Prot.: . . .   Conserve   : .   (no shield)
Res.Poison: .       Res.Corr.  : .   (no helmet)
Res.Elec. : .       Clarity    : .   g - +0 cloak
Sust.Abil.: . .     Spirit.Shd : .   (no gloves)
Res.Mut.  : .       Stasis     : .   (no boots)
Res.Rott. : .       Flight     : .   (no amulet)
Saprovore : . . .                    (no ring)
                                     l - cursed -3 ring of dexterity

@: not resistant to hostile enchantments, extremely unstealthy
A: hooves 1
a: Depart the Abyss, Bend Space, Renounce Religion


You were on level 2 of the Dungeon.
You worshipped Lugonu.
Lugonu was pleased with you.
You were hungry.

You visited 1 branch of the dungeon, and saw 2 of its levels.
You visited the Abyss 1 time.

You collected 76 gold pieces.

Inventory:

Hand weapons
 a - a cursed +3,+2 mace (weapon)
Missiles
 i - 2 javelins (quivered)
Armour
 b - a +0 leather armour (worn)
 g - a +0 cloak (worn)
Comestibles
 c - 2 bread rations
 f - a choko
 k - a meat ration
Scrolls
 h - a scroll of fog
 j - a scroll of enchant armour {unknown}
Jewellery
 e - an uncursed amulet of inaccuracy {unknown}
 l - a cursed -3 ring of dexterity (left hand)
Potions
 d - a potion of agility
 m - a potion of brilliance {unknown}


   Skills:
 + Level 3.3 Fighting
 * Level 2.6 Maces & Flails
 + Level 2.1 Armour
 - Level 0.8 Dodging
 + Level 3.2 Invocations


You had 2 spell levels left.
You didn't know any spells.

Dungeon Overview and Level Annotations

Branches:
Dungeon (2/27)

Altars:
Yredelemnul
the Shining One


Innate Abilities, Weirdness & Mutations

You have large cloven feet.


Message History

You hit the worm but do no damage. Your kick misses the worm.
The worm is heavily wounded.
You hit the worm. You kick the worm.
The worm is heavily wounded.
The worm barely misses you.
You hit the worm.
The worm is severely wounded.
The worm bites you.
* * * LOW HITPOINT WARNING * * *
You are too injured to fight recklessly!
You are too injured to fight recklessly!
You are too injured to fight recklessly!
You are too injured to fight recklessly!
You are too injured to fight recklessly!
You are too injured to fight recklessly!
You are too injured to fight recklessly!
You sock the worm! Your kick misses the worm.
The worm is almost dead.
The worm bites you.
You die...

#..# . .####....###### #... ..
......[......... #... #.
######..####### #.(. ##.
######..#....# #.. .. ..
..............# .
#..###.########..#....# #..
........# #......## #..
.......w.#######......## #..
........@................ #..
.....(...#######.....#### #..
....?...# #.....+...
#..#####..###### #.....#.##
#.)...##..############.....#.##
#..........................#.##
#..<..#..........#####.###.#...
..#.....#..........#####.###.#'##
.........).......................


You could see a worm.

Vanquished Creatures
  2 adders (D:2)
  2 giant cockroaches (D:2)
  6 goblins
  3 hobgoblins
  3 jackals (D:2)
  A ball python (D:2)
  6 bats
  3 giant newts
  4 kobolds
  A rat (D:1)
31 creatures vanquished.

Notes
Turn   | Place    | Note
--------------------------------------------------------------
     0 | Abyss:1  | AndrewJacksonJihad, the Demonspawn Abyssal Knight, began the quest for the Orb.
     0 | Abyss:1  | Reached XP level 1. HP: 16/16 MP: 1/1
    16 | D:1      | Escaped the Abyss
   315 | D:1      | Gained mutation: You have large cloven feet. [demonic ancestry]
   315 | D:1      | Reached XP level 2. HP: 22/22 MP: 2/2
   472 | D:2      | Acquired Lugonu's second power
   721 | D:2      | Reached XP level 3. HP: 10/28 MP: 2/4
   981 | D:2      | Found a basalt altar of Yredelemnul.
   988 | D:2      | Found a glowing golden altar of the Shining One.
  1099 | D:2      | Slain by a worm

Action                   || total
-------------------------++-------
Melee: Mace              ||    88
  Use: Scroll            ||     4
